 Seeded DCSS version 0.28.0-62-gf88900778d (webtiles) character file.

Game seed: 13690106713218316315 (custom seed)

2757 cbfl8 the Spear-Bearer (level 9, -5/68 HPs)
             Began as a Merfolk Gladiator on July 4, 2023.
             Was an Initiate of Okawaru.
             Slain by an orc warrior
             ... wielding a +0 war axe
              (14 damage)
             ... on level 9 of the Dungeon.
             The game lasted 00:07:58 (9807 turns).

cbfl8 the Spear-Bearer (Merfolk Gladiator)          Turns: 9807, Time: 00:07:59

Health: -5/68      AC: 12    Str: 16 (17) XL:     9   Next: 69%
Magic:  9/9        EV:  8    Int:  4 (7)  God:    Okawaru [......]
Gold:   926        SH:  0    Dex: 14 (17) Spells: 8/8 levels left

rFire   . . .      SeeInvis .   a - +0 trident (flame)
rCold   . . .      Faith    .   (no shield)
rNeg    . . .      Spirit   .   i - +0 chain mail
rPois   .          Reflect  .   c - +0 helmet
rElec   .          Harm     .   (no cloak)
rCorr   .          Rampage  .   n - +0 pair of gloves
Will    .....                   (no boots)
Stlth   ..........              (no amulet)
HPRegen 0.21/turn               (no ring)
MPRegen 0.11/turn               (no ring)

@: confused, ambrosia-drunk
A: (nimble swimmer 2), mertail
a: Renounce Religion


You were on level 9 of the Dungeon.
You worshipped Okawaru.
Okawaru was noncommittal.
You visited 2 branches of the dungeon, and saw 10 of its levels.

You collected 926 gold pieces.

Inventory:

Hand Weapons
 a - a +0 trident of flaming (weapon)
Missiles
 d - 2 throwing nets
 p - 3 boomerangs
Armour
 c - a +0 helmet (worn)
 i - a +0 chain mail (worn)
 n - a +0 pair of gloves (worn)
Wands
 l - a wand of mindburst (10) (quivered)
Scrolls
 j - 2 scrolls of magic mapping
 o - a scroll of noise
Potions
 b - a potion of heal wounds {unknown}
 e - a potion of berserk rage {unknown}
 g - a potion of magic {unknown}
 q - a potion of degeneration


   Skills:
 + Level 5.1 Fighting
 + Level 10.7 Polearms
 * Level 5.1 Throwing
 + Level 4.4 Armour
 + Level 5.5 Dodging
 + Level 1.6 Stealth
 * Level 5.4 Evocations


You had 8 spell levels left.
You didn't know any spells.
Your spell library contained the following spells:

 Spells                   Type           Power      Damage    Failure   Level
 Magic Dart               Conj           0%         1d3       100%        1
 Ensorcelled Hibernation  Hex/Ice        0%         N/A       100%        2
 Passwall                 Tmut/Erth      0%         N/A       100%        2
 Searing Ray              Conj           0%         2d4       100%        2
 Swiftness                Air            0%         N/A       100%        3
 Fulminant Prism          Conj/Hex       0%         3d6       100%        4


Dungeon Overview and Level Annotations

Branches:
Dungeon (9/15)             Temple (1/1) D:6
   Lair: D:8-11         Orc: D:9-12

Altars:
Ashenzari
Cheibriados
Elyvilon
Fedhas
Gozag
Hepliaklqana
Kikubaaqudgha
Makhleb
Okawaru
Qazlal
Sif Muna
Trog
Vehumet
Wu Jian
Xom
Zin
The Shining One

Annotations:
D:8 Pikel


Innate Abilities, Weirdness & Mutations

((You are very nimble when in or above water. (Stealth+, EV+, Speed+++)))
Your lower body shifts to a powerful aquatic tail in water.


Message History

There is a stone staircase leading down here.
The howler monkey hoots and howls with incredible vigour!
The shadow imp barely misses you.
You hear a bellow! x2; You hear a shout! x2
You climb downwards.
The orc warrior shouts!
The orc shouts! x2; The orc wizard shouts! x2
There is a stone staircase leading up here.
It was a potion of degeneration.
There was something very wrong with that liquid.
You feel weakened.
You feel dopey.
You feel clumsy. The shadow imp gestures at you. Pain shoots through your body!
The orc wizard hits you but does no damage.
It was a potion of might.
You feel very mighty all of a sudden. The shadow imp gestures at you.
Pain shoots through your body!
* * * LOW HITPOINT WARNING * * *
It was a potion of cancellation.
Your magical effects are unravelling.
You feel magically purged.
You feel a little less mighty now.
The orc wizard gestures at you while chanting.
You are confused.
The shadow imp barely misses you.
The orc wizard mumbles some strange words.
The orc wizard flickers and vanishes!
Deactivating autopickup; reactivate with Ctrl-A.
You are more confused.
You feel invigorated. The shadow imp hits you.
* * * LOW HITPOINT WARNING * * *
The orc warrior hits you with a +0 war axe!
* * * LOW HITPOINT WARNING * * *
You are too confused!
You're too confused to move!
The orc barely misses you. The shadow imp hits you.
* * * LOW HITPOINT WARNING * * *
Something hits you but does no damage.
The orc warrior hits you with a +0 war axe!
You die...

############
#..........#
#....5.....#
#....o@o...+
#....o.o...#
#..........#
#..........#
#..........#
#..........#
####+#######


You could see an orc warrior, an orc wizard, a shadow imp and 2 orcs.

Vanquished Creatures
  A shadow (D:6)
  Eustachio (D:5)
  A steam dragon (D:7)
  Menkaure (D:5)
  3 water moccasins
  A black bear (D:5)
  2 ogres (D:5)
  2 sky beasts (D:6)
  2 ice beasts
  2 necrophages
  A centaur (D:5)
  A phantom (D:5)
  A kobold brigand (D:4)
  A water moccasin zombie (D:5)
  A wyvern skeleton (D:7)
  2 scorpions
  2 jellies
  5 hounds
  2 bullfrog skeletons (D:5)
  A centaur skeleton (D:5)
  3 iguanas
  An orc wizard (D:6)
  A killer bee zombie (D:5)
  2 hound zombies (D:5)
  8 adders
  4 gnolls (D:4)
  An ufetubus (D:5)
  2 adder skeletons (D:5)
  4 worms
  3 dart slugs
  8 orcs
  8 ball pythons
  3 bats (D:2)
  6 endoplasms
  3 giant cockroaches
  4 hobgoblins
  4 jackals (D:1)
  8 quokkas
  4 frilled lizards
  7 goblins
  5 kobolds
  5 rats
127 creatures vanquished.

Vanquished Creatures (others)
  3 fungi (D:2)
  3 plants (D:2)
6 creatures vanquished.

Grand Total: 133 creatures vanquished

Notes
Turn   | Place    | Note
-------+----------+-------------------------------------------
     0 | D:1      | cbfl8 the Merfolk Gladiator began the quest for the Orb.
     0 | D:1      | Reached XP level 1. HP: 16/16 MP: 1/1
   154 | D:1      | Reached XP level 2. HP: 22/22 MP: 2/2
   219 | D:1      | Reached skill level 1 in Evocations
   552 | D:1      | Reached XP level 3. HP: 19/27 MP: 3/3
   693 | D:1      | Reached skill level 5 in Polearms
  1498 | D:2      | Reached XP level 4. HP: 31/34 MP: 4/4
  1552 | D:2      | Reached skill level 1 in Stealth
  1633 | D:2      | Found a faded altar of an unknown god.
  1878 | D:2      | Identified a scroll of acquirement
  1878 | D:2      | Acquired 731 gold pieces
  2843 | D:4      | Found a radiant altar of Vehumet.
  2848 | D:4      | Reached XP level 5. HP: 34/39 MP: 5/5
  2914 | D:4      | Reached skill level 6 in Polearms
  3415 | D:4      | Noticed a necrophage
  3420 | D:4      | Killed a necrophage
  3421 | D:4      | Reached skill level 1 in Armour
  3421 | D:4      | Reached XP level 6. HP: 46/46 MP: 6/6
  3423 | D:4      | Noticed a necrophage
  3457 | D:3      | Killed a necrophage
  3458 | D:3      | Reached skill level 7 in Polearms
  4096 | D:4      | Reached XP level 7. HP: 52/52 MP: 7/7
  4329 | D:4      | Found a glowing golden altar of the Shining One.
  4344 | D:5      | Entered Level 5 of the Dungeon
  4353 | D:5      | Reached skill level 5 in Dodging
  4365 | D:5      | Reached skill level 8 in Polearms
  4822 | D:5      | Reached XP level 8. HP: 20/58 MP: 8/8
  5153 | D:5      | Found an ancient bone altar of Kikubaaqudgha.
  5395 | D:5      | Noticed Eustachio
  5431 | D:5      | Killed Eustachio
  5958 | D:5      | Noticed Menkaure
  5966 | D:5      | Killed Menkaure
  6170 | D:5      | Reached skill level 9 in Polearms
  6384 | D:5      | Found an ornate altar of the Wu Jian Council.
  6654 | D:5      | Reached XP level 9. HP: 65/65 MP: 9/9
  6801 | D:5      | Reached skill level 10 in Polearms
  7121 | D:6      | Reached skill level 5 in Evocations
  7796 | D:6      | Found a snail-covered altar of Cheibriados.
  8081 | D:6      | Found a staircase to the Ecumenical Temple.
  8087 | Temple   | Entered the Ecumenical Temple
  8167 | Temple   | Became a worshipper of Warmaster Okawaru
  8685 | D:6      | Reached skill level 5 in Throwing
  9371 | D:7      | Reached skill level 5 in Fighting
  9790 | D:8      | Noticed Pikel
  9807 | D:9      | Slain by an orc warrior

Illustrated notes

Levels and vault maps discovered:
D:1:      dpeg_arrival_long_road, layout_basic, minivault_11
D:2:      layout_loops_cross, shapermc_ecumenical_altar_mp_urbaneastern,
          kennysheep_generic_room_13
D:3:      layout_basic
D:4:      layout_gridville, fiery_altar_vehumet, tso_altar
D:5:      minmay_razor_zed, layout_loops_corners, kiku_gazebo_garden_becter,
          nicolae_wu_jian_wuxing_cycle, kennysheep_generic_room_6,
          uniq_menkaure, uniq_eustachio
D:6:      layout_basic, mainiacjoe_overflow_paths,
          minmay_temple_entry_enclosed_plants
D:7:      layout_cave_pools, nicolae_yredelemnul_corpse_copse
D:8:      layout_loops_cross, dpeg_oklobed_lair, uniq_harold, uniq_pikel
D:9:      layout_roguey, david_orc_1_choice, serial_shops,
          nicolae_stop_n_shop_2, palyth_stone_intersect
Temple:   regret_index_temple_sphere_string

Skill      XL: |  1  2  3  4  5  6  7  8  9 |
---------------+----------------------------+-----
Evocations     | 1 2 3 4 5 |  5.4
Polearms       | 5 6 7 8 9 10 | 10.7
Stealth        | 1 |  1.6
Armour         | 1 2 3 4 |  4.4
Fighting       | 3 4 5 |  5.1
Throwing       | 3 4 5 |  5.1
Dodging        | 5 |  5.5

Action                   |  1- 3 |  4- 6 |  7- 9 || total
-------------------------+-------+-------+-------++-------
Melee: Trident           |   110 |   128 |   318 ||   556
       Punch             |     2 |     2 |     6 ||    10
Throw: Throwing net      |       |       |     5 ||     5
       Boomerang         |       |       |     1 ||     1
Evoke: Wand              |       |       |     2 ||     2
  Use: Scroll            |     2 |     6 |     3 ||    11
       Potion            |       |     2 |     7 ||     9
 Stab: Sleeping          |     4 |       |       ||     4
Armor: Leather armour    |     8 |       |       ||     8
       Scale mail        |     7 |    18 |       ||    25
       Chain mail        |       |    14 |   170 ||   184
Dodge: Dodged            |    64 |    56 |   132 ||   252
